 Dungeon Crawl Stone Soup version 0.21.1-1-g345015f (webtiles) character file.

949 wojtek the Cleaver (level 7, -14/60 HPs)
             Began as a Minotaur Fighter on July 7, 2018.
             Demolished by an orc warrior
             ... wielding a +0 great sword
              (26 damage)
             ... on level 4 of the Dungeon.
             The game lasted 00:04:32 (3574 turns).

wojtek the Cleaver (Minotaur Fighter)               Turns: 3574, Time: 00:04:33

Health: -14/60     AC: 12    Str: 23    XL:     7   Next: 89%
Magic:  6/6        EV:  8    Int:  5    God:
Gold:   219        SH: 10    Dex:  9    Spells: 6/6 levels left

rFire    . . .     SeeInvis .   a - +0 war axe
rCold    . . .     Gourm    .   c - +0 shield
rNeg     . . .     Faith    .   b - +0 scale mail
rPois    .         Spirit   .   (helmet restricted)
rElec    .         Reflect  .   v - scarf {cloud immunity}
rCorr    .         Harm     .   (no gloves)
MR       .....                  (no boots)
Stlth    ..........             (no amulet)
HPRegen  0.20/turn              q - +5 ring of protection
MPRegen  0.10/turn              (no ring)

@: no status effects
A: retaliatory headbutt, horns 2
a: no special abilities


You were on level 4 of the Dungeon.
You were not hungry.

You visited 1 branch of the dungeon, and saw 5 of its levels.

You collected 219 gold pieces.

Inventory:

Hand Weapons
 a - a +0 war axe (weapon)
Armour
 b - a +0 scale mail (worn)
 c - a +0 shield (worn)
 v - a scarf of cloud immunity (worn)
Jewellery
 q - a +5 ring of protection (left hand)
 r - an uncursed ring of fire
 u - an uncursed amulet of guardian spirit {unknown}
 w - an uncursed amulet of the gourmand {unknown}
Scrolls
 h - a scroll of teleportation
 n - 3 scrolls of remove curse
 o - 5 scrolls of identify {unknown}
Potions
 d - a potion of might
 g - a potion of brilliance {unknown}
 i - 2 potions of curing {unknown}
 k - a potion of ambrosia {unknown}
 l - 2 potions of heal wounds {unknown}
 p - 2 potions of invisibility {unknown}
 s - 3 potions of magic {unknown}
 t - a potion of degeneration {unknown}
Comestibles
 f - 7 rations
 j - 3 chunks of flesh


   Skills:
 + Level 4.5 Fighting
 + Level 9.5 Axes
 + Level 4.6 Armour
 + Level 2.1 Dodging
 + Level 4.6 Shields


You had 6 spell levels left.
You didn't know any spells.

Dungeon Overview and Level Annotations

Branches:
Dungeon (5/15)
 Temple: D:4-7

Altars:
Fedhas
Ru
Yredelemnul

Annotations:
D:5 Eustachio


Innate Abilities, Weirdness & Mutations

You reflexively headbutt those who attack you in melee.
You have a pair of horns on your head.


Message History

The gnoll sergeant hits you from afar with a trident.
The wight barely misses you.
Unknown command.
You are too injured to fight recklessly!
Unknown command.
Eustachio mumbles some strange words.
Eustachio blinks!
There is a stone staircase leading up here.
You block the orc warrior's attack.
You climb upwards.
There is a stone staircase leading down here.
You barely miss the orc warrior.
You headbutt the orc warrior, but do no damage.
The orc warrior is lightly wounded.
The orc warrior hits you with a great sword!!
* * * LOW HITPOINT WARNING * * *
You hit the orc warrior.
The orc warrior is lightly wounded.
The orc warrior hits you with a great sword!!
You die...

####### #........#######
......###..............#
......##.......#.#####.#
.####.#..........#####.###
.................#....#..#
...##.#....(.........###.##
......#........#.#..##
##.## ......#.#.....##.#.##
##.# #.##.##.##.....#@#..##
##.##
........##.....#o#...###.##
...)....##.....#.#....#..#
.##....###.............###
.##....# #.....####..###
.##.##.# ##.#..<..#..#
.......# ##.#.##.#..#
.##.##.#######.......#
.##.......# #.......#


You could see an orc warrior.

Vanquished Creatures
  A human (D:2)
  The ghost of RottenKnight the Conjurer, an amateur DrCj (D:3)
  2 ogres (D:4)
  A wight (D:5)
  A howler monkey (D:4)
  4 orc priests
  3 orc wizards
  A bullfrog skeleton (D:5)
  An iguana (D:4)
  2 worker ants (D:4)
  3 gnolls (D:2)
  A howler monkey skeleton (D:4)
  An adder (D:4)
  An ooze (D:2)
  4 worms
  A dart slug (D:3)
  3 leopard geckos
  13 orcs
  A ball python (D:3)
  4 giant cockroaches
  8 goblins
  6 hobgoblins
  4 jackals
  9 kobolds
  3 quokkas
  10 bats
  4 frilled lizards
  A kobold zombie (D:2)
  A leopard gecko skeleton (D:4)
  4 rats
99 creatures vanquished.

Notes
Turn   | Place    | Note
-------+----------+-------------------------------------------
     0 | D:1      | wojtek the Minotaur Fighter began the quest for the Orb.
     0 | D:1      | Reached XP level 1. HP: 19/19 MP: 0/0
    98 | D:1      | Reached skill level 3 in Axes
   112 | D:1      | Reached XP level 2. HP: 24/26 MP: 1/1
   376 | D:1      | Reached skill level 4 in Axes
   640 | D:2      | Found a runed door.
   640 | D:2      | Noticed a human
   645 | D:2      | Found a basalt altar of Yredelemnul.
   660 | D:2      | Reached XP level 3. HP: 31/31 MP: 2/2
   694 | D:2      | Killed a human
   694 | D:2      | Reached skill level 6 in Axes
   694 | D:2      | Reached XP level 4. HP: 22/39 MP: 3/3
   694 | D:2      | Reached XP level 5. HP: 25/45 MP: 4/4
   896 | D:2      | Reached skill level 7 in Axes
  1559 | D:3      | Noticed RottenKnight's ghost (amateur DrCj)
  1578 | D:3      | Killed RottenKnight's ghost
  1578 | D:3      | Reached skill level 8 in Axes
  1578 | D:3      | Reached XP level 6. HP: 21/51 MP: 5/5
  1764 | D:3      | Found a sacrificial altar of Ru.
  2158 | D:4      | Reached skill level 9 in Axes
  2350 | D:4      | Reached XP level 7. HP: 30/58 MP: 6/6
  2720 | D:4      | Reached skill level 1 in Dodging
  3048 | D:4      | Found a blossoming altar of Fedhas.
  3495 | D:5      | Entered Level 5 of the Dungeon
  3536 | D:5      | Noticed Eustachio
  3574 | D:4      | Demolished by an orc warrior

Skill      XL: |  1  2  3  4  5  6  7 |
---------------+----------------------+-----
Axes           | 3 4 6 8 9 |  9.5
Dodging        | 2 |  2.1
Armour         | 4 |  4.6
Shields        | 4 |  4.6
Fighting       | 4 |  4.5

Action                   |  1- 3 |  4- 6 |  7- 9 || total
-------------------------+-------+-------+-------++-------
Melee: War axe           |    62 |   102 |   101 ||   265
       Headbutt          |    11 |    24 |    20 ||    55
  Use: Scroll            |       |       |     5 ||     5
 Stab: Distracted        |     1 |       |       ||     1
  Eat: Chunk             |       |     5 |     4 ||     9
Armor: Scale mail        |    23 |    31 |    43 ||    97
Dodge: Dodged            |    27 |    17 |    23 ||    67
Block: Shield            |    36 |    36 |    44 ||   116
